 Dungeon Crawl Stone Soup version 0.14-a0-2848-g1d0399b (webtiles) character file.

228 Neoxx the Slasher (level 4, 0/35 HPs)
             Began as a Formicid Chaos Knight on Feb 26, 2014.
             Was a Plaything of Xom.
             Slain by a scorpion (11 damage)
             ... on Level 3 of the Dungeon.
             The game lasted 00:05:27 (1638 turns).

Neoxx the Slasher (Formicid Chaos Knight)           Turns: 1638, Time: 00:05:27

HP   0/35        AC  6     Str 17      XL: 4   Next: 95%
MP   4/4         EV  9     Int 10 (11) God: Xom
Gold 133         SH  6     Dex 11      Spells:  0 memorised,  3 levels left

rFire  . . .     SeeInvis +     a - +0 falchion (chaos)
rCold  . . .     Clarity  .     r - +2 leather armour
rNeg   + . .     Conserve .     A - +0 buckler
rPois  .         rCorr    .     (helmet unavailable)
rElec  .         rRot     .     (no cloak)
SustAb . .       Spirit   .     (no gloves)
rMut   .         Warding  +     (no boots)
Saprov . . .     Stasis   +     w - amulet of warding {unknown}
MR     .....                    (no ring)
                                (no ring)

@: quite poisoned, not resistant to hostile enchantments, very unstealthy
A: permanent stasis, dig shafts and tunnels, four strong arms, poison weakness,
antennae 3, exoskeleton 1
a: Dig, Shaft Self, Renounce Religion


You were on level 3 of the Dungeon.
You worshipped Xom.
You were a beloved toy of Xom.
You were not hungry.

You visited 1 branch of the dungeon, and saw 3 of its levels.

You collected 133 gold pieces.

Inventory:

Hand weapons
 a - a +0,+0 falchion of chaos (weapon)
 b - a +0,+0 sling
Missiles
 g - 41 sling bullets
 m - 24 darts (quivered)
 t - 13 stones
 y - 18 poisoned needles
Armour
 r - a +2 leather armour (worn)
 A - a +0 buckler (worn)
Comestibles
 c - 3 bread rations
 f - 3 apples
 j - 14 strawberries
 q - 2 meat rations
 B - 2 chunks of worm flesh
 C - a chunk of rat flesh
Scrolls
 d - 4 scrolls of identify {unknown}
 e - 6 scrolls of immolation {unknown}
 h - a scroll of teleportation {unknown}
 l - a scroll of enchant weapon II {unknown}
 p - 2 scrolls of remove curse {unknown}
 u - a scroll of random uselessness {unknown}
 z - a scroll of magic mapping {unknown}
Jewellery
 w - an amulet of warding (around neck) {unknown}
Potions
 i - 3 potions of curing {unknown}
 k - 2 potions of heal wounds {unknown}
 n - 2 potions of flight {unknown}
 o - a potion of restore abilities {unknown}
 s - a potion of confusion {unknown}
 v - a potion of cure mutation {unknown}
 x - a potion of poison {unknown}
Books
 D - a book of Summonings

   Spells                             Type                      Level
   Abjuration                         Summoning                    3
   Recall                             Summoning/Translocation      3
   Summon Elemental                   Summoning                    4
   Shadow Creatures                   Summoning                    5
   Summon Demon                       Summoning                    5
   Summon Ugly Thing                  Summoning                    6


   Skills:
 - Level 3.0 Fighting
 * Level 5.0 Long Blades
 + Level 1.2 Slings
 - Level 2.4 Armour
 - Level 0.8 Dodging
 + Level 0.0 Shields


You had 3 spell levels left.
You didn't know any spells.

Dungeon Overview and Level Annotations

Branches:
Dungeon (3/16)

Altars:
Xom


Innate Abilities, Weirdness & Mutations

Your are under a permanent stasis effect.
You can dig through walls and to a lower floor.
Your four strong arms can wield any weapon, most with a shield.
You have a pair of large antennae on your head (SInv).
Your body is surrounded by an exoskeleton. (AC +1)


Message History

You feel sick. You block the scorpion's attack.
The scorpion stings you but does no damage.
You barely miss the scorpion.
The scorpion is heavily wounded.
You feel sick. The scorpion stings you.
You are more poisoned.
The scorpion poisons you! The scorpion closely misses you.
You barely miss the scorpion.
The scorpion is heavily wounded.
The scorpion stings you!
You are more poisoned.
The scorpion poisons you!
You hit the scorpion.
The scorpion's body glows momentarily.
The scorpion is almost dead.
You feel sick. The scorpion barely misses you. The scorpion barely misses you.
You hit the scorpion but do no damage.
The scorpion seems to slow down.
The scorpion is almost dead.
You feel sick. The scorpion stings you!
You die... "Boring in life, boring in death..."

... #... .. #.#
########... # #. #.#
#.....##### ##.#. #.#
#.....##### ...#.##.#
#.....##... ###....#.#
#.....##... .......#.#
#.....##...
..##....#.#####.....#####
.......(@..)...%.........
..##...s#.###############
#...(#.# #...(#.#
#...(#.# #....#.#
#..(.#.# .####.# #.#


You could see a scorpion (berserk).

Vanquished Creatures
  4 adders (D:2)
  A worm (D:3)
  An ooze (D:1)
  An orc (D:3)
  A bat skeleton (D:3)
  2 giant cockroaches
  3 goblins (D:2)
  6 hobgoblins
  3 jackals (D:2)
  A quokka (D:2)
  A ball python (D:1)
  7 bats
  5 giant newts
  11 kobolds
  7 rats
54 creatures vanquished.

Notes
Turn   | Place    | Note
--------------------------------------------------------------
     0 | D:1      | Neoxx, the Formicid Chaos Knight, began the quest for the Orb.
     0 | D:1      | Reached XP level 1. HP: 18/18 MP: 1/1
   167 | D:1      | Reached XP level 2. HP: 22/24 MP: 2/2
   247 | D:1      | Reached skill level 4 in Long Blades
   247 | D:1      | Reached XP level 3. HP: 18/29 MP: 3/3
   545 | D:2      | XOM: silly message
   600 | D:2      | Reached XP level 4. HP: 15/35 MP: 4/4
   645 | D:2      | XOM: god gift: thick glowing staff {god gift}
   995 | D:2      | Reached skill level 1 in Slings
  1037 | D:2      | XOM: scenery: create altars
  1288 | D:2      | XOM: vitrification
  1546 | D:3      | Reached skill level 5 in Long Blades
  1562 | D:3      | XOM: stat loss: -1 Int (10/11)
  1589 | D:3      | XOM: swap monsters
  1638 | D:3      | Slain by a scorpion

Action                   |  1- 3 |  4- 6 || total
-------------------------+-------+-------++-------
Melee: Falchion          |    96 |    74 ||   170
       Unarmed           |       |     1 ||     1
 Fire: Sling             |       |    16 ||    16
Throw: Dart              |     9 |    14 ||    23
 Abil: Dig               |     1 |     2 ||     3
 Stab: Paralysed         |       |     1 ||     1
